 Dungeon Crawl Stone Soup version 0.17.2-1-ge4368a0 (webtiles) character file.

28 ololoev the Skirmisher (level 3, 15/29 HPs)
             Began as a Demonspawn Fighter on Oct 26, 2016.
             Quit the game on level 2 of the Dungeon.
             The game lasted 00:01:27 (221 turns).

ololoev the Skirmisher (Demonspawn Fighter)          Turns: 221, Time: 00:01:27

Health: 15/29      AC:  6    Str: 22    XL:     3   Next: 0%
Magic:  3/3        EV:  9    Int:  9    God:
Gold:   36         SH:  0    Dex: 12    Spells: 0 memorised, 2 levels left

rFire  + . .     SeeInvis .     a - +0 war axe
rCold  . . .     Clarity  .     b - +0 scale mail
rNeg   . . .     SustAt   .     (no shield)
rPois  .         Gourm    .     (no helmet)
rElec  .         Spirit   .     (no cloak)
rCorr  .         Warding  .     (no gloves)
rMut   .         Stasis   .     (no boots)
MR     .....                    (no amulet)
Stlth  ..........               (no ring)
                                (no ring)

@: mighty, not resistant to hostile enchantments, extremely unstealthy
A: fire resistance 1, powered by pain 1
a: no special abilities


Innate Abilities, Weirdness & Mutations

Your flesh is heat resistant.
You sometimes gain a little power by taking damage.

Inventory:

Hand Weapons
 a - a +0 war axe (weapon)
Armour
 b - a +0 scale mail (worn)
Scrolls
 d - a scroll of recharging {unknown}
 f - 3 scrolls of noise {unknown}
 g - a scroll of magic mapping {unknown}
 i - a scroll of teleportation {unknown}
Potions
 c - a potion of cure mutation {unknown}
 h - a potion of invisibility {unknown}
Comestibles
 e - a bread ration


   Skills:
 + Level 3.2 Fighting
 * Level 2.5 Axes
 + Level 3.0 Armour
   Level 2.6 Shields


You had 2 spell levels left.
You didn't know any spells.


You were on level 2 of the Dungeon.
You were not hungry.

You visited 1 branch of the dungeon, and saw 2 of its levels.

You collected 36 gold pieces.

#.# #####
#.#
#.#####
#.....#
#####(####
#..†...#
#....(.#
#......##
+...@K..#
#.......#
#......[#
#.......#
#.......#
#.......#
#.......#
###.###.#

Notes
Turn   | Place    | Note
--------------------------------------------------------------
     0 | D:1      | ololoev the Demonspawn Fighter began the quest for the Orb.
     0 | D:1      | Reached XP level 1. HP: 18/18 MP: 1/1
   147 | D:2      | Gained mutation: You sometimes gain a little power by taking damage. [demonic ancestry]
   147 | D:2      | Reached XP level 2. HP: 18/24 MP: 2/2
   213 | D:2      | Gained mutation: Your flesh is heat resistant. [demonic ancestry]
   213 | D:2      | Reached XP level 3. HP: 14/29 MP: 3/3
   221 | D:2      | Quit the game

Dungeon Overview and Level Annotations

Branches:
Dungeon (2/15)

Altars:


Message History

You slash the rat!
You kill the rat!
The bat hits you but does no damage.
You slash the bat!
You kill the bat!
Found 8 gold pieces.
d - a scroll labeled JEATHR BOPERAMU
Found a scroll labeled WOTOTU AGOSMI.
Found a leather armour.
You now have 36 gold pieces (gained 8).
You open the door.
A hobgoblin comes into view. It is wielding a club.
The hobgoblin shouts!
There is an open door here.
You hit the hobgoblin.
You kill the hobgoblin!
i - a scroll labeled WOTOTU AGOSMI You open the door.
A ball python comes into view.
Found a leather armour.
A kobold comes into view.
The ball python barely misses you. x2
There is an open door here.
You slash the ball python!
You kill the ball python!
You have reached level 3!
Your experience leads to an increase in your attributes!
Your base attributes are Str 16, Int 9, Dex 12.
Increase (S)trength, (I)ntelligence, or (D)exterity?
You feel stronger.
Your demonic ancestry asserts itself...
You feel resistant to heat.
The kobold throws a stone.
The stone hits you but does no damage.
The kobold throws a stone.
The stone hits you but does no damage.
You see here a stone.
The kobold hits you but does no damage.
You closely miss the kobold. The kobold barely misses you.
The kobold barely misses you.
You closely miss the kobold. The kobold hits you but does no damage.
You closely miss the kobold. The kobold hits you but does no damage.
Are you sure you want to abandon this character and quit the game? (Confirm with "yes".)

You could see a kobold.

Vanquished Creatures
  2 adders (D:2)
  A ball python (D:2)
  A hobgoblin (D:2)
  3 bats
  A kobold (D:1)
  3 rats
11 creatures vanquished.

Action                   || total
-------------------------++-------
Melee: War axe           ||    28
  Use: Potion            ||     1

Vault maps used:
D:1:      lemuel_arrival_room
D:2:      elyvilon_altar_5, lemuel_crystal_altar, lemuel_round_altar,
          nicolae_ru_the_path_less_chosen, uniq_robin
